 Dungeon Crawl Stone Soup version 0.31-a0-1300-gb6740aa4e6 (webtiles) character file.

Game seed: 16444491727566753852

298 Sabo the Trooper (level 6, -1/39 HPs)
             Began as a Gargoyle Monk on Dec 18, 2023.
             Was an Initiate of Ashenzari.
             Shot with an arrow by a centaur (2 damage)
             ... on level 6 of the Dungeon.
             The game lasted 00:14:09 (2710 turns).

Sabo the Trooper (Gargoyle Monk)                    Turns: 2710, Time: 00:14:09

Health: -1/39      AC: 17    Str: 16    XL:     6   Next: 36%
Magic:  6/6        EV:  5    Int: 11    God:    Ashenzari [......]
Gold:   210        SH:  0    Dex: 12    Spells: 5/5 levels left

rFire   + . .        g - +1 falchion (drain)
rCold   . . .        d - orb {light}
rNeg    + . .        e - +0 plate armour
rPois   ∞            k - +0 helmet
rElec   +            (no cloak)
rCorr   .            s - +0 pair of gloves
SInv    .            (no boots)
Will    .....        (no amulet) Stlth
                     i - ring of protection from fire
HPRegen 0.26/turn    l - ring of flight
MPRegen 0.10/turn

%: no passive effects
@: flying, glowing
A: sickness immunity, AC +4, negative energy resistance 1, electricity
resistance, torment resistance 1, petrification resistance
a: Renounce Religion, Curse Item


You were on level 6 of the Dungeon.
You worshipped Ashenzari.
Ashenzari was noncommittal.
You visited 1 branch of the dungeon, and saw 4 of its levels.

You collected 210 gold pieces.

Inventory:

Hand Weapons
 a - a +0 hand axe
 g - a +1 falchion of draining (weapon)
Missiles
 q - 6 poisoned darts
Armour
 d - an orb of light (worn)
 e - a +0 plate armour (worn)
 f - a +0 hat
 k - a +0 helmet (worn)
 s - a +0 pair of gloves (worn)
Jewellery
 i - a ring of protection from fire (left hand)
 l - a ring of flight (right hand)
Talismans
 p - a serpent talisman
 r - a beast talisman
Scrolls
 b - a scroll of fog {unknown}
 h - 2 scrolls of noise {unknown}
 o - a scroll of identify {unknown}
 u - a scroll of teleportation {unknown}
Potions
 c - a potion of ambrosia
 j - 2 potions of attraction {unknown}
 m - a potion of curing {unknown}
 n - 2 potions of berserk rage {unknown}
 t - a potion of enlightenment {unknown}


   Skills:
 + Level 4.5 Fighting
 + Level 3.0 Long Blades
 + Level 3.4 Axes
 + Level 2.1 Armour
 + Level 2.7 Dodging
 + Level 0.1 Stealth
 * Level 1.1 Shapeshifting


You had 5 spell levels left.
You didn't know any spells.
Your spell library contained the following spells:

 Spells                   Type           Power      Damage    Failure   Level
 Ensorcelled Hibernation  Hex/Ice        0%         N/A       100%        2
 Passwall                 Tmut/Erth      0%         N/A       100%        2
 Swiftness                Air            0%         N/A       100%        3


Dungeon Overview and Level Annotations

Branches:
Dungeon (3/15)

Altars:
Ashenzari
Fedhas
Vehumet

Annotations:
D:3 exclusion: statue


Innate Abilities, Weirdness & Mutations

You are immune to sickness and miasma.
Your stone body is resilient. (AC +4)
You are immune to poison.
You resist negative energy. (rN+)
You are resistant to electric shocks. (rElec)
You are resistant to unholy torment.
You are immune to petrification.


Message History

The scorpion is heavily wounded.
The scorpion stings you but does no damage.
You barely miss the scorpion.
The scorpion is heavily wounded.
The scorpion stings you but does no damage.
The scorpion closely misses you.
You hit the scorpion but do no damage. You drain the scorpion.
The scorpion is severely wounded.
The scorpion stings you.
You hit the scorpion.
The scorpion is almost dead.
The scorpion stings you but does no damage.
The scorpion stings you.
You hit the scorpion.
You kill the scorpion!
Your Long Blades skill increases to level 3!
Your Shapeshifting skill increases to level 1!
You start resting.
HP restored.
A centaur comes into view.
The centaur wields a +0 orcbow.
The centaur shoots an arrow.
The arrow hits you.
The centaur shoots an arrow.
The arrow hits you.
The centaur shoots an arrow.
The arrow hits you!
The centaur shoots an arrow.
The arrow hits you but does no damage.
The centaur shoots an arrow.
The arrow hits you but does no damage.
The centaur shoots an arrow.
The arrow closely misses you.
The centaur unwields a +0 orcbow.
The centaur hits the bush but does no damage.
The centaur completely misses the bush.
The centaur wields a +0 orcbow.
The centaur shoots an arrow.
The arrow hits you.
The centaur shoots an arrow.
The arrow hits you but does no damage.
The centaur shoots an arrow.
The arrow hits you!
* * * LOW HITPOINT WARNING * * *
The centaur shoots an arrow.
The arrow hits you.
* * * LOW HITPOINT WARNING * * *
The centaur shoots an arrow.
The arrow hits you but does no damage.
The centaur shoots an arrow.
The arrow hits you.
You die... .
PPP.P.#

#.PPcPP.##
#..PP....#
#...PPP..#
#####....##
#......# ####
##......#
##...
##.......##
##....
#.....@...#
##.....
#.......##.#
##......
.......###.##
#....)..
......# #..#
#.......
.....# ##.##
##......
....# #..#
#...... ...#
####.#
##'###+
##........##
##....##
#.....
#..........#
#......#
#.♣♣♣.


You could see a centaur.

Vanquished Creatures
  An ice beast (D:6)
  A scorpion (D:6)
  A jelly (D:6)
  2 orc wizards (D:3)
  An adder (D:2)
  2 worms
  4 orcs (D:3)
  6 endoplasms
  2 giant cockroaches
  2 goblins
  3 hobgoblins
  6 jackals (D:3)
  A quokka (D:3)
  6 ball pythons
  3 bats
  2 frilled lizards
  2 kobolds
  5 rats
50 creatures vanquished.

Notes
Turn   | Place    | Note
-------+----------+-------------------------------------------
     0 | D:1      | Sabo the Gargoyle Monk began the quest for the Orb.
     0 | D:1      | Reached XP level 1. HP: 14/14 MP: 1/1
   297 | D:1      | Reached XP level 2. HP: 19/19 MP: 2/2
   317 | D:1      | Found a faded altar of an unknown god.
  1214 | D:2      | Reached XP level 3. HP: 23/24 MP: 3/3
  1773 | D:3      | Found a radiant altar of Vehumet.
  1773 | D:3      | Noticed a frost-covered statue
  1813 | D:3      | Reached skill level 1 in Long Blades
  1813 | D:3      | Reached skill level 1 in Armour
  1813 | D:3      | Reached XP level 4. HP: 29/29 MP: 4/4
  2344 | D:3      | Reached XP level 5. HP: 33/33 MP: 5/5
  2480 | D:3      | You are sucked into a shaft and drop 3 floors!
  2530 | D:6      | Found a broken altar of Ashenzari.
  2536 | D:6      | Became a worshipper of Ashenzari the Shackled
  2585 | D:6      | Noticed an ice beast
  2598 | D:6      | Killed an ice beast
  2599 | D:6      | Reached skill level 4 in Fighting
  2604 | D:6      | Reached XP level 6. HP: 23/39 MP: 6/6
  2685 | D:6      | Found a blossoming altar of Fedhas.
  2692 | D:6      | Reached skill level 1 in Shapeshifting
  2709 | D:6      | HP: 1/39 [centaur/arrow (6)]
  2710 | D:6      | Shot with an arrow by a centaur

Illustrated notes

Levels and vault maps discovered:
D:1:      shiori_arrival_elements, layout_loops_ring,
          hellmonk_ecumenical_altar_zigzags, st_stairs_12,
          minmay_gold_behind_fungi
D:2:      layout_basic, roderic_roman_lattice
D:3:      layout_loops_corners, vehumet_statue, nicolae_overflow_crystal_walls,
          st_stairs_4
D:6:      layout_cave_pods, fedhas_bush_and_centaur_altar,
          mainiacjoe_overflow_six_doors_small, amethyst_overflow_temple_binary,
          temple_green, serial_shops, nicolae_shop_tiny_glass

Skill      XL: |  1  2  3  4  5  6 |
---------------+-------------------+-----
Axes           | 3 |  3.4
Long Blades    | 1 2 3 |  3.0
Armour         | 1 2 |  2.1
Fighting       | 4 |  4.5
Shapeshifting  | 1 |  1.1
Dodging        | |  2.7
Stealth        | |  0.1

Action                     |  1- 3 |  4- 6 || total
---------------------------+-------+-------++-------
  Melee: Hand axe          |    26 |       ||    26
         Falchion          |    45 |    59 ||   104
 Armour: Robe              |     7 |       ||     7
         Plate armour      |    52 |    70 ||   122
  Dodge: Dodged            |    23 |    15 ||    38

Table legend: (Time is in decaauts)
 A = Elapsed time spent in this place.
 B = Non-inter-level travel time spent in this place.
 C = Inter-level travel time spent in this place.
 D = Time resting spent in this place.
 E = Time spent auto-exploring this place.
 F = Levels seen in this place.
 G = Mean time per level.
                   A        B        C        D        E       F      G
               +--------+--------+--------+--------+--------+-----+--------+
         Total |   2737 |   2737 |      0 |    209 |      0 |   4 |  684.2 |
       Dungeon |   2737 |   2737 |      0 |    209 |      0 |   4 |  684.2 |
               +--------+--------+--------+--------+--------+-----+--------+

Top non-repeatable levels by time:
     D:2: 879 daAuts
     D:1: 854 daAuts
     D:3: 770 daAuts
     D:6: 233 daAuts
